 Dungeon Crawl Stone Soup version 0.26-a0-639-g72c4674329 (webtiles) character file.

Game seed: 2794396191910361594

78 Colgate the Skirmisher (level 4, 0/37 HPs)
             Began as a Demonspawn Monk on Sept 20, 2020.
             Slain by Natasha (2 damage)
             ... on level 2 of the Dungeon.
             The game lasted 00:17:26 (2405 turns).

Colgate the Skirmisher (Demonspawn Monk)            Turns: 2405, Time: 00:17:26

Health: 0/37       AC:  3    Str: 11    XL:     4   Next: 15%
Magic:  0/4        EV: 13    Int: 11    God:
Gold:   72         SH:  0    Dex: 17    Spells: 3/3 levels left

rFire    . . .     SeeInvis .   a - +0 mace
rCold    . . .     Faith    .   (no shield)
rNeg     . . .     Spirit   +   d - +0 leather armour
rPois    .         Reflect  .   (no helmet)
rElec    .         Harm     .   (no cloak)
rCorr    .         Rampage  .   (no gloves)
MR       .....                  (no boots)
Stlth    ++........             (no amulet)
HPRegen  0.12/turn              (no ring)
MPRegen  0.09/turn              (no ring)

@: slowed, very slow
A: powered by pain 1, magic shield
a: no special abilities


You were on level 2 of the Dungeon.
You visited 1 branch of the dungeon, and saw 2 of its levels.

You collected 72 gold pieces.

Inventory:

Hand Weapons
 a - a +0 mace (weapon)
 g - a +0 whip
 m - a cursed -3 flail
Missiles
 j - 7 stones (quivered)
Armour
 b - a +0 robe
 d - a +0 leather armour (worn)
Scrolls
 c - a scroll of remove curse {unknown}
 e - 3 scrolls of enchant weapon {unknown}
 f - a scroll of identify {unknown}
 h - a scroll of random uselessness {unknown}
 i - 3 scrolls of enchant armour {unknown}


   Skills:
 - Level 4.0 Fighting
 - Level 3.0 Maces & Flails
 + Level 1.7 Throwing
 - Level 3.0 Dodging
 - Level 1.7 Stealth


You had 3 spell levels left.
You didn't know any spells.
Your spell library was empty.

Dungeon Overview and Level Annotations

Branches:
Dungeon (2/15)

Altars:

Annotations:
D:2 Natasha


Innate Abilities, Weirdness & Mutations

You sometimes gain a little power by taking damage.
When hurt, damage is shared between your health and your magic reserves.


Message History

You hit Natasha but do no damage.
Natasha is almost dead.
Your transformation is almost over.
Natasha drinks a potion.
Natasha is healed!
Natasha claws you but does no damage.
You closely miss Natasha. Natasha claws you but does no damage.
Natasha claws you.
* * * LOW HITPOINT WARNING * * *
You barely miss Natasha.
Natasha claws you but does no damage. x2
Unknown command.
You barely miss Natasha. Natasha completely misses you.
Natasha casts a spell at you. The magic dart hits you.
* * * LOW HITPOINT WARNING * * *
You hit Natasha.
Natasha is lightly wounded.
You feel less wooden.
Your +0 leather armour unmelds from your body.
Natasha barely misses you. Natasha claws you.
You die...

############ ####
(..........# #...
.(..(......############...
........h@.##.............
....(..(...)'.............
..(........##......†......
...........##...........##
.....########...........#
..(.. #.............# ....
#.............## ..
+............... .
#...............


You could see Natasha.

Vanquished Creatures
  Natasha (D:2)
  An ooze (D:1)
  2 leopard geckos
  4 orcs (D:2)
  5 bats
  2 giant cockroaches (D:1)
  A goblin (D:1)
  7 hobgoblins
  6 jackals
  A quokka (D:2)
  A frilled lizard (D:2)
  4 kobolds
  2 rats
37 creatures vanquished.

Notes
Turn   | Place    | Note
-------+----------+-------------------------------------------
     0 | D:1      | Colgate the Demonspawn Monk began the quest for the Orb.
     0 | D:1      | Reached XP level 1. HP: 18/18 MP: 1/1
   673 | D:1      | Gained mutation: You sometimes gain a little power by
                  | taking damage. [demonic ancestry]
   673 | D:1      | Reached XP level 2. HP: 17/24 MP: 2/2
  1311 | D:1      | Gained mutation: When hurt, damage is shared between your
                  | health and your magic reserves. [demonic ancestry]
  1311 | D:1      | Reached XP level 3. HP: 26/30 MP: 3/3
  1927 | D:2      | Reached skill level 4 in Fighting
  2027 | D:2      | Noticed Natasha
  2037 | D:2      | Killed Natasha
  2037 | D:2      | Reached skill level 1 in Throwing
  2037 | D:2      | Reached XP level 4. HP: 21/37 MP: 1/4
  2382 | D:2      | Noticed Natasha
  2404 | D:2      | HP: 2/55 [Natasha/magic dart (4)]
  2405 | D:2      | Slain by Natasha

Illustrated notes

Levels and vault maps discovered:
D:1:      lemuel_arrival_river_ford, layout_loops_ring
D:2:      layout_basic, gammafunk_temple_overflow_claw,
          chequers_ecumenical_altar_island, uniq_robin, uniq_natasha

Skill      XL: |  1  2  3 |
---------------+----------+-----
Maces & Flails | 3 |  3.0
Dodging        | 3 |  3.0
Fighting       | 4 |  4.0
Throwing       | 1 |  1.7
Stealth        | |  1.7

Action                   |  1- 3 |  4- 6 || total
-------------------------+-------+-------++-------
Melee: Mace              |   125 |    33 ||   158
Throw: Stone             |    39 |     8 ||    47
  Use: Potion            |       |     2 ||     2
 Stab: Sleeping          |     3 |       ||     3
Armor: Robe              |    23 |       ||    23
       Skin              |       |    10 ||    10
       Leather armour    |       |     4 ||     4
Dodge: Dodged            |   104 |    22 ||   126

Table legend: (Time is in decaauts)
 A = Elapsed time spent in this place.
 B = Non-inter-level travel time spent in this place.
 C = Inter-level travel time spent in this place.
 D = Time resting spent in this place.
 E = Time spent auto-exploring this place.
 F = Levels seen in this place.
 G = Mean time per level.
                   A        B        C        D        E       F      G
               +--------+--------+--------+--------+--------+-----+--------+
         Total |   2462 |   2430 |     32 |      0 |   1399 |   2 | 1231.0 |
       Dungeon |   2462 |   2430 |     32 |      0 |   1399 |   2 | 1231.0 |
               +--------+--------+--------+--------+--------+-----+--------+

Top non-repeatable levels by time:
     D:1: 1517 daAuts
     D:2: 945 daAuts
